 Dungeon Sprint DCSS version 0.27-a0-998-g4cfe56dd59 (webtiles) character file.

Game seed: 4486103577649152528

1 ShadedKnight the Insei (level 1, 0/16 HPs)
             Began as a Demigod Transmuter on Apr 16, 2021.
             Slain by a scorpion (7 damage)
             ... in the Dungeon (Sprint VII: "The Pits").
             The game lasted 00:00:35 (47 turns).

ShadedKnight the Insei (Demigod Transmuter)           Turns: 47, Time: 00:00:36

Health: 0/16       AC:  2    Str: 11    XL:     1   Next: 13%
Magic:  4/5        EV: 12    Int: 15    God:
Gold:   0          SH:  0    Dex: 14    Spells: 3/4 levels left

rFire    . . .     SeeInvis .   k - +2 quarterstaff
rCold    . . .     Faith    .   (shield currently unavailable)
rNeg     . . .     Spirit   .   a - +0 robe
rPois    .         Reflect  .   (helmet currently unavailable)
rElec    .         Harm     .   (no cloak)
rCorr    .         Rampage  .   (no gloves)
Will     .....     NoTele   +   (boots currently unavailable)
Stlth    +.........             (no amulet)
HPRegen  0.05/turn              (no ring)
MPRegen  0.09/turn              (no ring)

@: appendages (expiring), very slightly contaminated, invisible
A: horns 2, talons 2, high mp 1, forlorn
a: End Transformation


You were in the Dungeon.
You had temporarily grown beastly horns and talons.
You visited 1 branch


Innate Abilities, Weirdness & Mutations

You have temporarily grown beastly horns and talons.
Your attributes grow dramatically as you level up.
You have an increased reservoir of magic. (+10% MP)
You shall have no god before yourself.


   Skills:
 + Level 1.2 Fighting
 - Level 1.7 Dodging
 - Level 2.6 Unarmed Combat
 + Level 2.0 Spellcasting
 * Level 2.2 Transmutations


You had 3 spell levels left.
You knew the following spells:

 Your Spells              Type           Power      Damage    Failure   Level
a - Beastly Appendage     Tmut           16%        N/A       9%          1

Your spell library contained the following spells:

 Spells                   Type           Power      Damage    Failure   Level
 Wereblood                Tmut           8%         N/A       13%         2
 Spider Form              Tmut/Pois      2%         N/A       38%         3
 Ice Form                 Ice/Tmut       4%         N/A       80%         4
 Hydra Form               Tmut           4%         N/A       94%         5

Inventory:

Hand Weapons
 k - a +2 quarterstaff (weapon)
Armour
 a - a +0 robe (worn)
Scrolls
 h - a scroll of blinking
 i - 5 scrolls of amnesia
 j - a scroll of summoning
Potions
 b - a potion of invisibility
 c - a potion of curing
 e - a potion of haste
 f - 4 potions of magic
 g - 3 potions of berserk rage

Dungeon Overview and Level Annotations

Branches:
Dungeon (1/1)

##########++
##########+##...........
#.?(.')))'.##......#..#
##########.##..........
#.......@...'...........
+#####s#####......#..#.
#.J.+ #........... #...#
####'#####+ #####
#.......# #.......#
#.......# #...<...#
#.......#


You could see a scorpion and an endoplasm.


Message History

Things that are here:
a +2 falchion; a +2 dagger
There is an open door here!
Casting: Beastly Appendage (safe; 9% risk of failure)
Confirm with ! or Enter, or press ? or * to list all spells!
You grow a pair of large bovine horns!
Your feet morph into talons!
Casting: Beastly Appendage (safe; 9% risk of failure)
Confirm with ! or Enter, or press ? or * to list all spells!
Okay, then!
Okay, then!
You open the door!
An endoplasm comes into view!
A scorpion comes into view!
The scorpion misses you!
There is an open door here!
You barely miss the scorpion! You claw the scorpion!
The scorpion is lightly wounded!
The scorpion stings you!!! DANG The scorpion barely misses you!
You feel much better!
Your transformation is almost over!
The scorpion barely misses you!
You fade into invisibility!!!
The scorpion stings you!
You are very lightly contaminated with residual magic!
You barely miss the scorpion!
The scorpion is lightly wounded!
The scorpion stings you! The scorpion stings you!!! rip

Skill      XL: |  1 |
---------------+----+-----
Fighting       | 1 |  1.2
Spellcasting   | 2 |  2.0
Transmutations | 2 |  2.2
Dodging        | |  1.7
Unarmed Combat | |  2.6

Action                   || total
-------------------------++-------
Melee: Quarterstaff      ||     2
       Unarmed           ||     2
       Kick              ||     2
 Cast: Beastly Appendage ||     2
  Use: Potion            ||     2
Armor: Robe              ||     2
Dodge: Dodged            ||     6

Levels and vault maps discovered:
D:        pitsprint [storerooms_1, entrance_room_1, metal_vault_4, armoury_1,
          mini_pit_1, grid_room_1, main_hall_1, silver_pit, the_coven_3,
          the_vestibule_1, steel_vault_1, golden_pit, hallway_of_sentries,
          crystal_vault_6, iron_vault_4, final_vault]

Notes
Turn   | Place    | Note
-------+----------+-------------------------------------------
     0 | D        | ShadedKnight the Demigod Transmuter began the quest for the
                  | Orb.
     0 | D        | Reached XP level 1. HP: 15/15 MP: 5/5
    14 | D        | Reached skill level 1 in Fighting
    42 | D        | Noticed a scorpion
    47 | D        | Slain by a scorpion

Vanquished Creatures
  A bat skeleton (D)
1 creature vanquished.

Table legend: (Time is in decaauts)
 A = Elapsed time spent in this place.
 B = Non-inter-level travel time spent in this place.
 C = Inter-level travel time spent in this place.
 D = Time resting spent in this place.
 E = Time spent auto-exploring this place.
 F = Levels seen in this place.
 G = Mean time per level.
                   A        B        C        D        E       F      G
               +--------+--------+--------+--------+--------+-----+--------+
         Total |     46 |     46 |      0 |      0 |      0 |   1 |   46.0 |
       Dungeon |     46 |     46 |      0 |      0 |      0 |   1 |   46.0 |
               +--------+--------+--------+--------+--------+-----+--------+

Top non-repeatable levels by time:
       D: 46 daAuts

Table legend:
 A = Non-vault XP
 B = Vault XP
 C = Vault XP percentage of total XP
 D = Non-vault monster count
 E = Vault monster count
 F = Vault count percentage of total count
                 A         B        C        D         E       F
            +---------+---------+-------+---------+---------+-------
      Total |       0 |       2 | 100.0 |       0 |       1 | 100.0
            +---------+---------+-------+---------+---------+-------
          D |       0 |       2 | 100.0 |       0 |       1 | 100.0
            +---------+---------+-------+---------+---------+-------
